 Dungeon Crawl Stone Soup version 0.19-a0-36-g4a0968a (webtiles) character file.

64971 Mefis the Thaumaturge (level 14, -1/68 HPs)
             Began as a Deep Elf Wizard on May 2, 2016.
             Was the Champion of Sif Muna.
             Slain by a large abomination (7 damage)
             ... on level 1 of the Abyss on May 3, 2016.
             The game lasted 06:18:54 (42537 turns).

Mefis the Thaumaturge (Deep Elf Wizard)            Turns: 42537, Time: 06:18:55

Health: -1/68      AC: 22    Str:  4    XL:     14   Next: 73%
Magic:  15/27      EV: 18    Int: 29    God:    Sif Muna [******]
Gold:   2053       SH:  0    Dex: 13    Spells: 10 memorised, 2 levels left

rFire  + . .     SeeInvis .     S - +1 short sword (protect)
rCold  + . .     Gourm    .     J - +2 robe {rC+ rF+}
rNeg   + + .     Faith    .     (no shield)
rPois  .         Spirit   .     W - +2 hat "Ebaokari" {rElec rN+}
rElec  +         Dismiss  .     i - +2 cloak
rCorr  +         Reflect  .     x - +0 pair of gloves
SustAt +         Harm     .     E - +0 pair of boots
MR     ++++.     Clarity  +     m - amulet of the Four Winds {rN+ MR+++ Clar}
Stlth  ++++......               z - ring of sustain attributes
                                O - ring of resist corrosion

@: swift, about to teleport, very slightly contaminated, studying Slings, repel
missiles, invisible, very quick, incredibly resistant to hostile enchantments,
stealthy
A: iridescent scales 1, yellow scales 1, low mp 2, sense surroundings 1,
screaming 1
a: Channel Energy, Forget Spell, Renounce Religion


You were on level 1 of the Abyss.
You worshipped Sif Muna.
Sif Muna was exalted by your worship.
You were not hungry.

You visited 4 branches of the dungeon, and saw 22 of its levels.
You visited the Abyss 1 time.

You collected 2053 gold pieces.

Inventory:

Hand Weapons
 S - a +1 short sword of protection (weapon)
Missiles
 C - 3 throwing nets (quivered)
 Y - 8 exploding tomahawks
Armour
 i - a +2 cloak (worn)
 x - a +0 pair of gloves (worn)
 E - a +0 pair of boots (worn)
 J - a +2 robe of resistance (worn)
 W - the +2 hat "Ebaokari" (worn) {rElec rN+}
   (You acquired it on level 7 of the Lair of Beasts)

   It insulates you from electricity.
   It protects you from negative energy.
 X - a fire dragon hide
Magical Staves
 Q - an uncursed staff of wizardry
Rods
 B - a +2 iron rod (12/12)
   (You found it on level 8 of the Lair of Beasts)
Jewellery
 m - the amulet of the Four Winds (around neck) {rN+ MR+++ Clar}
   (You found it on level 8 of the Lair of Beasts)

   [amulet of nothing]

   It protects you from negative energy.
   It affects your resistance to hostile enchantments.
   It protects you against confusion.
 z - a ring of sustain attributes (right hand)
 D - an uncursed ring of ice
 H - an uncursed amulet of magic regeneration
 O - a ring of resist corrosion (left hand)
 P - an uncursed amulet of the gourmand
Wands
 y - a wand of flame (31/48)
 U - a wand of iceblast (8/15)
Scrolls
 p - 3 scrolls of teleportation
 q - a scroll of identify
 v - 2 scrolls of enchant weapon
 F - 4 scrolls of magic mapping
 I - 2 scrolls of fog
 K - 2 scrolls of vulnerability
 L - 2 scrolls of silence
 T - 4 scrolls of remove curse
 V - a scroll of fear
Potions
 b - a potion of cancellation
 f - 2 potions of ambrosia
 g - a potion of degeneration
 k - 2 potions of haste
 l - 4 potions of agility
 o - 3 potions of invisibility
 s - 5 potions of curing
 t - 4 potions of brilliance
 G - 2 potions of flight
 N - 5 potions of magic
 Z - 2 potions of resistance
Books
 a - a book of Misfortune

   Spells                             Type                      Level
   a - Confusing Touch                Hexes                        2
   b - Confuse                        Hexes                        3
   c - Gell's Gravitas                Hexes/Translocation          3
   d - Petrify                        Transmutation/Earth          4
   e - Metabolic Englaciation         Hexes/Ice                    5
   f - Yara's Violent Unravelling     Hexes/Transmutation          5
 c - a book of Minor Magic

   Spells                             Type                      Level
   a - Magic Dart                     Conjuration                  1
   b - Blink                          Translocation                2
   c - Call Imp                       Summoning                    2
   d - Repel Missiles                 Charms/Air                   2
   e - Slow                           Hexes                        2
   f - Conjure Flame                  Conjuration/Fire             3
   g - Mephitic Cloud                 Conjuration/Poison/Air       3
 e - Amiofrof's Papyrus of Protection
   (You found it on level 5 of the Lair of Beasts)

   Spells                             Type                      Level
   a - Repel Missiles                 Charms/Air                   2
   b - Swiftness                      Charms/Air                   2
   c - Regeneration                   Charms/Necromancy            3
   d - Haste                          Charms                       6
   e - Ring of Flames                 Charms/Fire                  7
 h - a manual of Slings
 n - a book of Necromancy

   Spells                             Type                      Level
   a - Pain                           Necromancy                   1
   b - Animate Skeleton               Necromancy                   1
   c - Vampiric Draining              Necromancy                   3
   d - Regeneration                   Charms/Necromancy            3
   e - Animate Dead                   Necromancy                   4
   f - Control Undead                 Necromancy                   4
 r - a book of Burglary

   Spells                             Type                      Level
   a - Swiftness                      Charms/Air                   2
   b - Passwall                       Transmutation/Earth          2
   c - Passage of Golubria            Translocation                4
   d - Lee's Rapid Deconstruction     Earth                        5
   e - Darkness                       Hexes                        6
   f - Invisibility                   Hexes                        6
 A - a book of the Tempests

   Spells                             Type                      Level
   a - Static Discharge               Conjuration/Air              3
   b - Lightning Bolt                 Conjuration/Air              5
   c - Fireball                       Conjuration/Fire             5
   d - Tornado                        Air                          9
   e - Shatter                        Earth                        9
 M - Janerch's Almanac of Supportive Confrontation
   (Sif Muna gifted it to you on level 1 of the Orcish Mines)

   Spells                             Type                      Level
   a - Recall                         Summoning/Translocation      3
   b - Iskenderun's Mystic Blast      Conjuration                  4
   c - Summon Ice Beast               Ice/Summoning                4
   d - Bolt of Magma                  Conjuration/Fire/Earth       5
   e - Aura of Abjuration             Summoning                    5
   f - Bolt of Cold                   Conjuration/Ice              6
   g - Orb of Destruction             Conjuration                  7
   h - Haunt                          Necromancy/Summoning         7
 R - Sif Muna's Almanac of Displaced Attacks
   (Sif Muna gifted it to you on level 4 of the Lair of Beasts)

   Spells                             Type                      Level
   a - Teleport Other                 Translocation                3
   b - Iskenderun's Battlesphere      Conjuration/Charms           5
   c - Bolt of Magma                  Conjuration/Fire/Earth       5
   d - Conjure Ball Lightning         Conjuration/Air              6
   e - Orb of Destruction             Conjuration                  7
Miscellaneous
 d - a phantom mirror
Comestibles
 j - 4 meat rations
 u - 32 fruits
 w - 2 beef jerkies


   Skills:
 - Level 0.2 Fighting
 + Level 10.3 Dodging
 + Level 10.2 Stealth
   Level 1.3 Shields
 + Level 13.3 Spellcasting
 * Level 8.9 Conjurations
 * Level 11.2 Hexes
 * Level 11.9 Charms
   Level 6.0 Summonings
   Level 2.3 Necromancy
 - Level 6.0 Translocations
   Level 3.9 Transmutations
 + Level 8.0 Fire Magic
 + Level 5.5 Ice Magic
 + Level 6.3 Earth Magic
   Level 5.8 Poison Magic
 + Level 7.5 Invocations


You had 2 spell levels left.
You knew the following spells:

 Your Spells              Type           Power        Failure   Level  Hunger
a - Magic Dart            Conj           ####         1%          1    None
b - Iskenderun's Battles  Conj/Chrm      ######..     1%          5    #......
c - Blink                 Tloc           N/A          1%          2    None
d - Repel Missiles        Chrm/Air       ######       1%          2    None
h - Confuse               Hex            ######..     1%          3    None
i - Metabolic Englaciati  Hex/Ice        ######....   2%          5    #......
s - Bolt of Magma         Conj/Fire/Erth ######....   3%          5    #......
v - Invisibility          Hex            ######..     4%          6    ####...
x - Haste                 Chrm           ######..     3%          6    ####...
z - Swiftness             Chrm/Air       ######..     1%          2    None


Dungeon Overview and Level Annotations

Branches:
Dungeon (11/15)            Temple (0/1) D:7            Lair (8/8) D:10
  Swamp (0/4) Lair:4       Spider (0/4) Lair:5        Slime (1/6) Lair:8
    Orc (2/2) D:11            Elf (0/3) Orc:2

Altars:
Cheibriados
Elyvilon
Fedhas
Kikubaaqudgha
Nemelex Xobeh
Okawaru
Pakellas
Qazlal
Sif Muna
Trog
Vehumet
Xom
The Shining One

Shops:
D:8 (   D:9 %

Annotations:
D:4 stone vault
Lair:2 exclusion: oklob plant


Innate Abilities, Weirdness & Mutations

You are partially covered in iridescent scales (AC +4).
You are partially covered in yellow scales (AC +2).
You passively map a small area around you.
You occasionally shout uncontrollably at your foes.
[Your magical capacity is very low (-20% MP).]


Message History

You blink.
Reactivating autopickup.
The large abomination closely misses you.
Drink which item? (? for menu, Esc to quit)
Okay, then.
Press: ? - help, v - describe, . - travel
Here: a large abomination The floor.
Casting: Blink
Confirm with . or Enter, or press ? or * to list all spells.
Aiming: Invisibility
Press: ? - help, Shift-Dir - straight line, f - you You fade into invisibility!
The large abomination closely misses you.
Casting: Invisibility
Confirm with . or Enter, or press ? or * to list all spells.
You blink.
The kobold demonologist gestures wildly while chanting.
The large abomination hits you!
You die...

.... # .#[ .#..
#..## #####..#
#.#...# ##
#.#§X#.# #.
#.*.#### # #
#.##@#...# .
#.#.KX#X#### .
#.#x#.## .
#.3.########
#..#..#.#.#...#
#....##3.##... .
#...#...#xK.#d#.
#..##..##..#.#.
...# # . x3.##.#


You could see a wretched star, 3 large abominations, a kobold demonologist, a
smoke demon and a small abomination.

Vanquished Creatures
  The ghost of Gruesome the Black Belt, a journeyman OpTm of Cheibriados (Orc:2)
  2 fire dragons (Lair:8)
  Fannar (D:11)
  Harold (Lair:3)
  6 hydras
  Erica (D:10)
  2 death yaks
  An unseen horror (D:11)
  3 lindwurms
  3 hill giants
  An orc knight (Orc:1)
  A griffon (Lair:7)
  A manticore (D:11)
  2 orc sorcerers (Orc:2)
  4 oklob plants (Lair:8)
  An ugly thing (D:11)
  Maurice (Orc:1)
  3 elephants (Lair:8)
  12 black mambas
  An ice statue (Lair:5)
  7 torpor snails
  11 spiny frogs
  7 komodo dragons
  A freezing wraith (Lair:5)
  4 giant leeches (Lair:8)
  3 jumping spiders (Lair:5)
  2 trolls
  3 polar bears (Lair:5)
  16 blink frogs
  Sigmund (D:6)
  50 yaks
  A shadow (D:11)
  3 basilisks
  2 fire bats (Abyss:1)
  2 wyverns
  2 hungry ghosts (D:10)
  9 hippogriffs
  2 steam dragons (Lair:8)
  6 mottled dragons
  3 wargs
  Menkaure (D:5)
  5 swamp worms (Lair:4)
  22 water moccasins
  13 porcupines
  3 swamp drakes (Lair:8)
  6 wasps
  25 orc warriors
  4 sky beasts
  2 black bears
  9 ice beasts
  4 phantoms
  13 ogres
  7 centaurs
  2 big kobolds
  22 crocodiles
  24 giant frogs
  Blork the orc (D:5)
  A gnoll sergeant (D:6)
  A wyvern skeleton (D:8)
  3 scorpions
  2 wights (D:9)
  6 electric eels
  8 howler monkeys (D:10)
  5 crimson imps
  2 centaur zombies
  A quasit (D:7)
  3 jellies
  2 giant frog zombies
  2 centaur skeletons
  A giant frog skeleton (D:10)
  22 orc priests
  10 hounds
  19 orc wizards
  4 iguanas
  Jessica (D:2)
  Ijyb (D:2)
  Natasha (thrice) (D:2)
  9 worker ants
  49 sheep
  3 hound zombies (D:5)
  A worker ant zombie (D:7)
  Robin (D:2)
  19 adders
  7 gnolls
  31 river rats
  3 shadow imps
  A white imp (Lair:5)
  4 oozes
  2 adder zombies
  An adder skeleton (D:4)
  21 worms
  2 dart slugs
  6 giant geckos
  97 orcs
  6 giant cockroaches
  14 goblins
  11 hobgoblins
  9 jackals
  5 quokkas
  A ball python (D:3)
  5 bats
  3 giant gecko skeletons
  A giant gecko zombie (D:6)
  6 giant newts
  13 kobolds
  A quokka skeleton (D:8)
  5 rats
780 creatures vanquished.

Vanquished Creatures (collateral kills)
  3 blink frogs (Lair:3)
  2 yaks (D:10)
  The ghost of Sl000nik the Shield-Bearer, an amateur GrFi of Makhleb (D:4)
  2 orc warriors (D:11)
  A hound (D:4)
  4 sheep (Lair:3)
  A river rat (Lair:3)
  A worm (D:4)
  A hobgoblin (D:2)
16 creatures vanquished.

Vanquished Creatures (others)
  A river rat (Lair:1)
  5 fungi
  20 plants
26 creatures vanquished.

Grand Total: 822 creatures vanquished

Notes
Turn   | Place    | Note
--------------------------------------------------------------
     0 | D:1      | Mefis the Deep Elf Wizard began the quest for the Orb.
     0 | D:1      | Reached XP level 1. HP: 10/10 MP: 7/7
   144 | D:1      | Reached skill level 5 in Spellcasting
   144 | D:1      | Reached XP level 2. HP: 15/15 MP: 3/10
   148 | D:1      | Learned a level 2 spell: Call Imp
   151 | D:1      | Learned a level 2 spell: Blink
   154 | D:1      | Learned a level 2 spell: Repel Missiles
  1323 | D:2      | Reached XP level 3. HP: 19/19 MP: 4/12
  1328 | D:2      | Learned a level 3 spell: Mephitic Cloud
  2067 | D:2      | Noticed Ijyb
  2084 | D:2      | Killed Ijyb
  2084 | D:2      | Reached XP level 4. HP: 14/24 MP: 3/13
  2089 | D:2      | Learned a level 3 spell: Conjure Flame
  2202 | D:2      | Noticed Natasha
  2210 | D:2      | Killed Natasha
  2240 | D:2      | Noticed Natasha
  2249 | D:2      | Noticed Jessica
  2250 | D:2      | Killed Natasha
  2250 | D:2      | Reached skill level 6 in Spellcasting
  2264 | D:2      | Killed Jessica
  2264 | D:2      | Reached skill level 1 in Poison Magic
  2264 | D:2      | Reached XP level 5. HP: 16/28 MP: 4/15
  2555 | D:2      | Found a deep blue altar of Sif Muna.
  2688 | D:3      | Noticed Robin
  2727 | D:2      | Noticed Natasha
  2735 | D:2      | Killed Natasha
  3060 | D:2      | Became a worshipper of Sif Muna the Loreminder
  3119 | D:2      | Killed Robin
  3119 | D:2      | Reached skill level 1 in Fire Magic
  3362 | D:3      | Found a glowing golden altar of the Shining One.
  3956 | D:3      | Reached XP level 6. HP: 32/32 MP: 17/17
  3960 | D:3      | Learned a level 2 spell: Slow
  4870 | D:3      | Found a faded altar to an unknown god.
  4985 | D:4      | Found a sparkling altar of Nemelex Xobeh.
  4994 | D:4      | Noticed Sl000nik's ghost (amateur GrFi)
  5599 | D:4      | Reached * piety under Sif Muna
  5970 | D:4      | Noticed a troll
  6008 | D:4      | Reached XP level 7. HP: 35/36 MP: 13/19
  6225 | D:4      | Killed Sl000nik's ghost
  6225 | D:4      | Reached skill level 7 in Spellcasting
  6225 | D:4      | Reached skill level 1 in Charms
  7006 | D:5      | Entered Level 5 of the Dungeon
  7051 | D:5      | Noticed Blork the orc
  7588 | D:5      | Noticed a yak
  7599 | D:5      | Noticed a yak
  7601 | D:5      | Noticed a yak
  7602 | D:5      | Noticed a yak
  7606 | D:5      | Noticed a yak
  7607 | D:5      | Noticed a yak
  7614 | D:5      | Noticed Menkaure
  8008 | D:4      | Killed a yak
  8008 | D:4      | Reached ** piety under Sif Muna
  8008 | D:4      | Reached skill level 5 in Stealth
  8008 | D:4      | Reached XP level 8. HP: 36/41 MP: 0/21
  8226 | D:5      | Killed Blork the orc
  8415 | D:5      | Killed Menkaure
  8415 | D:5      | Reached skill level 8 in Spellcasting
  8518 | D:5      | Reached skill level 1 in Hexes
  8605 | D:5      | Reached skill level 1 in Invocations
  8638 | D:5      | Gained mutation: You passively map a small area around you. [mutagenic meat]
  8639 | D:5      | Gained mutation: Your spells are a little harder to cast, but a little more powerful. [mutagenic meat]
  8640 | D:5      | Gained mutation: Scrolls take you a little longer to read. [mutagenic meat]
  8641 | D:5      | Gained mutation: You occasionally shout uncontrollably at your foes. [mutagenic meat]
  8898 | D:5      | Reached skill level 5 in Dodging
  8913 | D:5      | Reached *** piety under Sif Muna
  8998 | D:5      | Reached XP level 9. HP: 30/45 MP: 0/23
  9870 | D:5      | Found an ancient bone altar of Kikubaaqudgha.
  9870 | D:5      | Found a white marble altar of Elyvilon.
 10033 | D:6      | Noticed Sigmund
 10043 | D:6      | Killed Sigmund
 10356 | D:6      | Found a stormy altar of Qazlal.
 10474 | D:6      | Reached skill level 9 in Spellcasting
 11729 | D:7      | Found a staircase to the Ecumenical Temple.
 11822 | D:7      | Found an iron altar of Okawaru.
 12356 | D:7      | Reached **** piety under Sif Muna
 12754 | D:8      | Reached XP level 10. HP: 49/50 MP: 13/25
 12863 | D:8      | Found an oddly glowing altar of Pakellas.
 13280 | D:8      | Found Enaisapu's Antique Weapon Boutique.
 14111 | D:4      | Reached skill level 5 in Summonings
 14763 | D:9      | Reached skill level 5 in Charms
 14841 | D:9      | Found a bloodstained altar of Trog.
 14853 | D:9      | Gained mutation: You are partially covered in icy blue scales (AC +1). [potion of mutation]
 14853 | D:9      | Gained mutation: You are partially covered in yellow scales (AC +2). [potion of mutation]
 14902 | D:9      | Reached skill level 10 in Spellcasting
 15086 | D:9      | Found a snail-covered altar of Cheibriados.
 15563 | D:9      | Reached ***** piety under Sif Muna
 15692 | D:9      | Reached skill level 5 in Poison Magic
 15721 | D:10     | Entered Level 10 of the Dungeon
 15746 | D:9      | Found Sunyla's Food Boutique.
 15908 | D:9      | Found a radiant altar of Vehumet.
 15912 | D:9      | Found a shimmering altar of Xom.
 15940 | D:9      | Noticed a gargoyle
 15973 | D:10     | Found a staircase to the Lair.
 16829 | D:10     | Gained mutation: Your mind is acute. (Int +2) [mutagenic meat]
 16830 | D:10     | Lost mutation: Your spells are a little harder to cast, but a little more powerful. [mutagenic meat]
 17073 | Lair:1   | Entered Level 1 of the Lair of Beasts
 17076 | Lair:1   | Noticed an eight-headed hydra
 17390 | D:10     | Reached skill level 5 in Fire Magic
 17696 | D:11     | Reached skill level 5 in Conjurations
 17830 | D:11     | Noticed Fannar
 18073 | D:10     | Noticed a hill giant
 18273 | D:10     | Reached skill level 5 in Translocations
 18956 | D:10     | Found a staircase to the Lair.
 19144 | D:10     | Killed a hill giant
 19154 | D:10     | Reached XP level 11. HP: 54/54 MP: 3/27
 19394 | D:10     | Killed an eight-headed hydra
 19702 | D:10     | Gained mutation: [Your magical capacity is low (-10% MP).] [mutagenic meat]
 19703 | D:10     | Gained mutation: You are weak. (Str -2) [mutagenic meat]
 19704 | D:10     | Gained mutation: You are partially covered in iridescent scales (AC +4). [mutagenic meat]
 19825 | D:11     | Noticed a hill giant
 19921 | D:11     | Reached skill level 11 in Spellcasting
 20461 | D:11     | Killed a hill giant
 20461 | D:11     | Reached skill level 5 in Hexes
 20633 | D:11     | Noticed Erica
 21108 | D:11     | Found a staircase to the Orcish Mines.
 21586 | D:11     | Noticed a hill giant
 21866 | D:10     | Found a staircase to the Lair.
 22580 | D:10     | Killed Erica
 22580 | D:10     | Reached skill level 1 in Shields
 22759 | D:11     | Noticed a white ugly thing
 22777 | D:11     | Noticed a five-headed hydra
 22836 | D:11     | Killed a five-headed hydra
 22836 | D:11     | Reached ****** piety under Sif Muna
 22836 | D:11     | Received a gift from Sif Muna
 22971 | D:10     | Learned a level 3 spell: Confuse
 22977 | D:10     | Learned a level 5 spell: Metabolic Englaciation
 22983 | D:10     | Learned a level 5 spell: Yara's Violent Unravelling
 22988 | D:10     | Learned a level 4 spell: Petrify
 23179 | D:11     | Killed a cyan ugly thing
 23179 | D:11     | Reached skill level 5 in Invocations
 23297 | D:11     | Lost mutation: Your mind is acute. (Int +2) [mutagenic meat]
 23298 | D:11     | Gained mutation: You possess an exceptional clarity of mind. [mutagenic meat]
 24191 | Lair:1   | Reached skill level 1 in Transmutations
 24191 | Lair:1   | Reached skill level 1 in Earth Magic
 25110 | Lair:1   | Reached skill level 1 in Ice Magic
 25471 | Lair:1   | Learned a level 4 spell: Animate Dead
 25505 | Lair:1   | Reached XP level 12. HP: 59/59 MP: 3/26
 25513 | Lair:1   | Learned a level 1 spell: Pain
 25859 | Lair:2   | Lost mutation: You occasionally shout uncontrollably at your foes. [potion of cure mutation]
 25859 | Lair:2   | Lost mutation: You are weak. (Str -2) [potion of cure mutation]
 25859 | Lair:2   | Lost mutation: You are partially covered in icy blue scales (AC +1). [potion of cure mutation]
 25859 | Lair:2   | Lost mutation: Scrolls take you a little longer to read. [potion of cure mutation]
 25859 | Lair:2   | Lost mutation: [Your magical capacity is low (-10% MP).] [potion of cure mutation]
 25859 | Lair:2   | Lost mutation: You possess an exceptional clarity of mind. [potion of cure mutation]
 26554 | Lair:2   | Found a blossoming altar of Fedhas.
 26755 | Lair:2   | Reached skill level 1 in Necromancy
 27671 | Lair:3   | Noticed Harold
 27696 | Lair:3   | Killed Harold
 28331 | Lair:4   | Reached skill level 12 in Spellcasting
 28382 | Lair:4   | Received a gift from Sif Muna
 28383 | Lair:4   | Identified Sif Muna's Almanac of Displaced Attacks (Sif Muna gifted it to you on level 4 of the Lair of Beasts)
 28392 | Lair:4   | Learned a level 5 spell: Bolt of Magma
 28400 | Lair:4   | Learned a level 5 spell: Iskenderun's Battlesphere
 28816 | Lair:4   | Noticed a seven-headed hydra
 28825 | Lair:4   | Killed a seven-headed hydra
 29404 | Lair:4   | Noticed a five-headed hydra
 29413 | Lair:4   | Killed a five-headed hydra
 29959 | Lair:4   | Noticed a death yak
 29960 | Lair:4   | Noticed a death yak
 29966 | Lair:4   | Noticed a death yak
 29968 | Lair:4   | Noticed a death yak
 29987 | Lair:4   | Killed a death yak
 30252 | Lair:3   | Killed a death yak
 30370 | Lair:4   | Reached XP level 13. HP: 63/63 MP: 16/31
 30456 | Lair:4   | Found a staircase to the Swamp.
 30714 | Lair:5   | Found a hole to the Spider Nest.
 31771 | Lair:5   | Identified Amiofrof's Papyrus of Protection
 31862 | Lair:5   | Learned a level 6 spell: Haste
 33552 | Lair:7   | Reached skill level 10 in Charms
 33615 | Lair:7   | Received a gift from Sif Muna
 34056 | Lair:7   | Reached skill level 5 in Earth Magic
 34732 | Lair:7   | Learned a level 6 spell: Invisibility
 34735 | Lair:7   | Learned a level 2 spell: Swiftness
 34781 | Lair:8   | Entered Level 8 of the Lair of Beasts
 35186 | Lair:8   | Identified 3 scrolls of acquirement
 35209 | Lair:7   | Got a heavily runed hat
 35220 | Lair:7   | Identified the +2 hat "Ebaokari" {rElec rN+} (You acquired it on level 7 of the Lair of Beasts)
 35311 | Lair:8   | Found a runed door.
 35778 | Lair:8   | Noticed a fire dragon
 35976 | Lair:8   | Reached XP level 14. HP: 68/68 MP: 10/32
 36255 | Lair:8   | Reached skill level 10 in Hexes
 36280 | Lair:8   | Gained mutation: You occasionally shout uncontrollably at your foes. [mutagenic glow]
 36802 | Lair:8   | Found a staircase to the Slime Pits.
 37088 | Lair:8   | Reached skill level 10 in Stealth
 37150 | Lair:8   | Reached skill level 5 in Ice Magic
 37163 | Lair:8   | Reached skill level 13 in Spellcasting
 37494 | Lair:8   | Reached skill level 10 in Dodging
 38992 | Slime:1  | Entered Level 1 of the Pits of Slime
 38992 | Slime:1  | Noticed an azure jelly
 38992 | Slime:1  | Noticed an acid blob
 38992 | Slime:1  | Noticed an acid blob
 39488 | D:11     | Killed Fannar
 39800 | Orc:1    | Entered Level 1 of the Orcish Mines
 39807 | Orc:1    | Noticed Maurice
 39823 | Orc:1    | Killed Maurice
 39995 | Orc:1    | Received a gift from Sif Muna
 39996 | Orc:1    | Identified Janerch's Almanac of Supportive Confrontation (Sif Muna gifted it to you on level 1 of the Orcish Mines)
 40340 | Orc:2    | Entered Level 2 of the Orcish Mines
 40378 | Orc:2    | Noticed Gruesome's ghost (journeyman OpTm)
 40393 | Orc:2    | Killed Gruesome's ghost
 41234 | Orc:2    | Found a staircase to the Elven Halls.
 41531 | Orc:2    | Noticed an orc warlord
 42035 | Orc:2    | Upgraded the game from 0.19-a0-32-gbfd796a to 0.19-a0-36-g4a0968a
 42150 | Orc:2    | Cast into level 1 of the Abyss (orc)
 42233 | Abyss:1  | Noticed a tentacled starspawn
 42537 | Abyss:1  | Slain by a large abomination

Vault maps used:
D:1:      roderic_dead_forest, supply_closet_lemuel, hex_medium,
          kennysheep_decorative_pillar, serial_bayou_pond_c,
          minmay_misc_feat_iff
D:2:      nicolae_overflow_hidden_temple, first_bread, uniq_jessica, uniq_iyjb,
          uniq_natasha
D:3:      overflow_temple_1_default, ecumenical_altar_2, serial_bayou_pond_e,
          serial_park_tiny_2, uniq_robin
D:4:      lemuel_crystal_altar, lightli_corner_chamber
D:5:      gammafunk_temple_overflow_elements, uniq_blork_the_orc, uniq_menkaure
D:6:      grunt_qazlal_sundering, kennysheep_small_circle, uniq_sigmund
D:7:      old_standard_altar, minmay_temple_entry_overgrown
D:8:      johnstein_pakellas_dig, serial_shops, shop
D:9:      cheibriados_altar_1, lemuel_doored_altar, grunt_temple_overflow_open,
          serial_shops, nicolae_shop_window_shopping
D:10:     lair_0_dummy
D:11:     david_orc_3, blue_anna_alchemist, uniq_erica, uniq_fannar
Lair:1:   nicolae_quartered_pool_super, lemuel_fruit_tree
Lair:2:   st_stairs_3, tgw_fedhas, serial_bayou_shore_b
Lair:3:   infiniplex_staircase_pool, grunt_megastairs_4, uniq_harold
Lair:4:   nicolae_swamp_entry_splash_gauntlet, serial_bayou_shore_a
Lair:5:   spider_nest_entry_a, ice2_lemuel
Lair:7:   minivault_27, serial_bayou_pond_c, infiniplex_staircase_pool_2,
          grunt_megastairs_1
Lair:8:   guppyfry_lair_end_dragon, wormcave, minmay_slime_entry_oklob_open
Orc:1:    basic_altar, uniq_snorg, uniq_maurice
Orc:2:    pubby_orc_utopia

Skill      XL: |  1  2  3  4  5  6  7  8  9 10 11 12 13 14 |
---------------+-------------------------------------------+-----
Spellcasting   | 5 6 7 8 9 10 11 12 13 | 13.3
Stealth        | 3 4 5 6 7 8 9 10 | 10.2
Dodging        | 3 4 5 6 7 8 9 10 | 10.3
Poison Magic   | 1 2 3 4 5 |  5.8
Conjurations   | 2 3 4 5 6 7 8 |  8.9
Fire Magic     | 1 2 3 4 5 6 7 8 |  8.0
Summonings     | 2 3 4 5 6 |  6.0
Charms         | 2 3 4 5 7 8 10 11 | 11.9
Translocations | 2 3 4 5 6 |  6.0
Hexes          | 2 3 4 6 8 9 11 | 11.2
Invocations    | 1 3 4 5 6 7 |  7.5
Shields        | 1 |  1.3
Transmutations | 2 3 |  3.9
Earth Magic    | 2 4 5 6 |  6.3
Ice Magic      | 1 3 4 5 |  5.5
Necromancy     | 2 |  2.3
Fighting       | |  0.2

Action                   |  1- 3 |  4- 6 |  7- 9 | 10-12 | 13-15 || total
-------------------------+-------+-------+-------+-------+-------++-------
Melee: Short sword       |    16 |    30 |    15 |    44 |     2 ||   107
       Dire flail        |       |       |    16 |       |       ||    16
 Fire: Shortbow          |       |       |    70 |    37 |       ||   107
Throw: Tomahawk          |       |       |     7 |     2 |       ||     9
       Throwing net      |       |       |       |     1 |     3 ||     4
 Cast: Magic Dart        |    65 |   171 |   447 |  1426 |   790 ||  2899
       Call Imp          |     4 |     3 |    14 |    41 |       ||    62
       Mephitic Cloud    |     1 |     9 |    30 |    86 |     1 ||   127
       Repel Missiles    |       |     2 |     1 |     1 |     3 ||     7
       Blink             |       |     5 |    12 |    25 |    12 ||    54
       Conjure Flame     |       |     2 |    30 |    26 |       ||    58
       Slow              |       |       |     8 |    24 |       ||    32
       Confuse           |       |       |       |    80 |    22 ||   102
       Yara's Violent Un |       |       |       |     3 |       ||     3
       Metabolic Englaci |       |       |       |     4 |     2 ||     6
       Pain              |       |       |       |   153 |       ||   153
       Bolt of Magma     |       |       |       |    37 |    93 ||   130
       Iskenderun's Batt |       |       |       |    14 |   150 ||   164
       Animate Dead      |       |       |       |    10 |       ||    10
       Petrify           |       |       |       |     3 |     1 ||     4
       Invisibility      |       |       |       |       |    19 ||    19
       Swiftness         |       |       |       |       |     9 ||     9
       Haste             |       |       |       |       |     2 ||     2
Invok: Channel Energy    |       |       |    14 |   106 |    17 ||   137
       Forget Spell      |       |       |       |     3 |     3 ||     6
Evoke: Wand              |       |       |       |     1 |       ||     1
  Use: Scroll            |       |     3 |     4 |    12 |    19 ||    38
       Potion            |       |     1 |     1 |     8 |     1 ||    11
 Stab: Sleeping          |     5 |     8 |     4 |     4 |       ||    21
       Confused          |       |     2 |     2 |     3 |       ||     7
  Eat: Chunk             |     3 |     9 |    15 |    50 |    37 ||   114
       Pizza             |       |     1 |       |       |     1 ||     2
       Bread ration      |       |     1 |     2 |     1 |     1 ||     5
       Meat ration       |       |       |       |     5 |     2 ||     7
       Beef jerky        |       |       |       |     2 |       ||     2
       Fruit             |       |       |       |     2 |     4 ||     6
Armor: Robe              |     2 |    10 |    40 |   130 |    61 ||   243
Dodge: Dodged            |    17 |    78 |   100 |   288 |   141 ||   624
       Deflected         |       |     4 |     3 |     7 |     8 ||    22
Block: Shield            |       |       |       |     2 |       ||     2
